 Dungeon Crawl Stone Soup version 0.28.0-53-g5a82cb258f (webtiles) character file.

Game seed: 7896856441368856821

109 quokkamancerX the Magician (level 4, -1/24 HPs)
             Began as a Gargoyle Earth Elementalist on May 31, 2022.
             Killed from afar by Ijyb (7 damage)
             ... with a puff of flame
             ... on level 3 of the Dungeon.
             The game lasted 00:10:12 (4551 turns).

quokkamancerX the Magician (GrEE)                   Turns: 4551, Time: 00:10:12

Health: -1/24      AC:  6    Str: 12    XL:     4   Next: 89%
Magic:  4/10       EV: 11    Int: 17    God:
Gold:   37         SH:  0    Dex: 10    Spells: 11/12 levels left

rFire   . . .      SeeInvis .   g - +0 short sword (speed)
rCold   . . .      Faith    .   (no shield)
rNeg    + . .      Spirit   .   b - +0 robe
rPois   ∞          Reflect  .   m - +0 helmet
rElec   +          Harm     .   (no cloak)
rCorr   .          Rampage  .   (no gloves)
Will    .....                   (no boots)
Stlth   ++........              (no amulet)
HPRegen 0.08/turn               (no ring)
MPRegen 0.12/turn               (no ring)

@: very slightly contaminated
A: sickness immunity, AC +3, negative energy resistance 1, electricity
resistance, torment resistance 1, petrification resistance
a: no special abilities


You were on level 3 of the Dungeon.
You visited 1 branch of the dungeon, and saw 3 of its levels.

You collected 37 gold pieces.

Inventory:

Hand Weapons
 g - a +0 short sword of speed (weapon)
Missiles
 c - 36 stones
Armour
 b - a +0 robe (worn)
 m - a +0 helmet (worn)
Scrolls
 d - a scroll of identify {unknown}
 e - a scroll of fog {unknown}
 f - 2 scrolls of enchant armour {unknown}
 h - a scroll of teleportation {unknown}
 i - 3 scrolls of enchant weapon {unknown}
 j - a scroll of vulnerability {unknown}
 k - 2 scrolls of amnesia {unknown}
 l - a scroll of magic mapping {unknown}
Potions
 a - a potion of berserk rage {unknown}


   Skills:
 - Level 1.5 Dodging
 - Level 2.1 Stealth
 + Level 4.5 Spellcasting
 - Level 0.7 Transmutations
 - Level 3.6 Earth Magic


You had 11 spell levels left.
You knew the following spells:

 Your Spells              Type           Power      Damage    Failure   Level
a - Sandblast             Erth           32%        2d9       3%          1

Your spell library contained the following spells:

 Spells                   Type           Power      Damage    Failure   Level
 Passwall                 Tmut/Erth      9%         N/A       10%         2
 Stone Arrow              Conj/Erth      20%        3d8       22%         3
 Dazzling Flash           Conj/Hex       6%         N/A       41%         3
 Petrify                  Tmut/Erth      11%        N/A       52%         4
 Agony                    Necr           3%         N/A       99%         5
 Silence                  Hex/Air        1%         N/A       99%         5


Dungeon Overview and Level Annotations

Branches:
Dungeon (3/15)

Altars:

Portals:
Sewer: D:3

Annotations:
D:3 Ijyb


Innate Abilities, Weirdness & Mutations

You are immune to sickness and miasma.
Your stone body is resilient. (AC +3)
You are immune to poison.
You resist negative energy. (rN+)
You are resistant to electric shocks. (rElec)
You are resistant to unholy torment.
You are immune to petrification.


Message History

Aiming: Sandblast (safe; 3% risk of failure)
Press: ? - help, Q - select action, (/) - cycle Shift-Dir - straight line, f/p - Ijyb
Aim: Ijyb, wielding a +2 dagger of electrocution, wearing a +0 leather armour and carrying a wand of flame (16) (heavily wounded, 74% to hit)
The blast of sand hits Ijyb.
Ijyb is severely wounded.
Ijyb hits you with a +2 dagger of electrocution.
Aiming: Sandblast (safe; 3% risk of failure)
Press: ? - help, Q - select action, (/) - cycle Shift-Dir - straight line, f/p - Ijyb
Aim: Ijyb, wielding a +2 dagger of electrocution, wearing a +0 leather armour and carrying a wand of flame (16) (severely wounded, 74% to hit)
The blast of sand hits Ijyb.
Ijyb is severely wounded.
The kobold shouts!
Ijyb zaps a wand.
The puff of flame hits you.
Aiming: Sandblast (safe; 3% risk of failure)
Press: ? - help, Q - select action, (/) - cycle Shift-Dir - straight line, f/p - Ijyb
Aim: Ijyb, wielding a +2 dagger of electrocution, wearing a +0 leather armour and carrying a wand of flame (15) (severely wounded, 74% to hit)
The blast of sand hits Ijyb but does no damage.
Ijyb is severely wounded.
Ijyb barely misses you. The giant cockroach barely misses you.
Aiming: Sandblast (safe; 3% risk of failure)
Press: ? - help, Q - select action, (/) - cycle Shift-Dir - straight line, f/p - Ijyb
Aim: Ijyb, wielding a +2 dagger of electrocution, wearing a +0 leather armour and carrying a wand of flame (15) (severely wounded, 74% to hit)
You miscast Sandblast.
You are very lightly contaminated with residual magic.
Nothing appears to happen.
The giant cockroach bites you but does no damage.
Ijyb hits you with a +2 dagger of electrocution.
* * * LOW HITPOINT WARNING * * *
An adder comes into view.
Aiming: Sandblast (safe; 3% risk of failure)
Press: ? - help, Q - select action, (/) - cycle Shift-Dir - straight line, f/p - Ijyb
Aim: Ijyb, wielding a +2 dagger of electrocution, wearing a +0 leather armour and carrying a wand of flame (15) (severely wounded, 74% to hit)
The blast of sand hits Ijyb.
Ijyb is almost dead.
The giant cockroach bites you.
* * * LOW HITPOINT WARNING * * *
Ijyb barely misses you.
The giant cockroach bites you but does no damage.
Ijyb zaps a wand.
The puff of flame hits you!
You die...

####### ≈≈≈≈≈≈.##
≈∩≈≈≈≈..#
≈≈≈rBB.r####### #
#########g.......
.#
.........BB........
####.#.#@#######.#.
.K.#...........
#.######...######
S.........<.......
.##.#.........#####
# #..........#
#.............
#.........#....
..............).


You could see Ijyb, a quokka and 2 giant cockroaches.

Vanquished Creatures
  Robin (D:2)
  2 adders (D:2)
  2 worms (D:2)
  3 dart slugs
  6 ball pythons
  3 endoplasms
  4 giant cockroaches
  14 goblins
  6 hobgoblins
  4 jackals (D:1)
  2 kobolds (D:1)
  2 quokkas
  5 bats
  2 frilled lizards
  6 rats
62 creatures vanquished.

Vanquished Creatures (others)
  5 plants (D:1)
5 creatures vanquished.

Grand Total: 67 creatures vanquished

Notes
Turn   | Place    | Note
-------+----------+-------------------------------------------
     0 | D:1      | quokkamancerX the Gargoyle Earth Elementalist began the
                  | quest for the Orb.
     0 | D:1      | Reached XP level 1. HP: 10/10 MP: 3/3
   239 | D:1      | Reached XP level 2. HP: 13/15 MP: 5/5
   893 | D:1      | Reached skill level 3 in Spellcasting
  1213 | D:1      | Reached XP level 3. HP: 19/19 MP: 7/7
  1282 | D:1      | Found a faded altar of an unknown god.
  2357 | D:2      | Reached XP level 4. HP: 13/24 MP: 9/9
  2665 | D:2      | Reached skill level 4 in Spellcasting
  2670 | D:2      | Noticed Robin
  4226 | D:2      | Killed Robin
  4533 | D:3      | Noticed Ijyb
  4537 | D:3      | Found a glowing drain.
  4551 | D:3      | Killed from afar by Ijyb

Illustrated notes

Levels and vault maps discovered:
D:1:      elethiomel_arrival_shortcut, layout_basic,
          shapermc_ecumenical_altar_mp_urbaneastern
D:2:      layout_basic, uniq_robin
D:3:      layout_basic, nicolae_overflow_hidden_temple,
          nicolae_overflow_hallway_of_the_gods, portal_sewer_entry_f, uniq_ijyb

Skill      XL: |  1  2  3  4 |
---------------+-------------+-----
Spellcasting   | 3 4 |  4.5
Dodging        | |  1.5
Stealth        | |  2.1
Transmutations | |  0.7
Earth Magic    | |  3.6

Action                   |  1- 3 |  4- 6 || total
-------------------------+-------+-------++-------
Melee: Unarmed           |    53 |       ||    53
       Short sword       |   117 |   113 ||   230
       Punch             |     2 |       ||     2
 Cast: Sandblast         |    15 |     7 ||    22
 Stab: Sleeping          |     4 |     2 ||     6
Armor: Robe              |    74 |    28 ||   102
Dodge: Dodged            |   112 |    54 ||   166
